 Dungeon Crawl Stone Soup version 0.28.0 (webtiles) character file.

Game seed: 17378442782965717796

218 pkoi the Slasher (level 5, 0/46 HPs)
             Began as a Minotaur Gladiator on Feb 16, 2022.
             Slain by Grinder (4 damage)
             ... on level 3 of the Dungeon.
             The game lasted 00:03:10 (2889 turns).

pkoi the Slasher (Minotaur Gladiator)               Turns: 2889, Time: 00:03:11

Health: 0/46       AC:  5    Str: 20    XL:     5   Next: 63%
Magic:  4/4        EV: 12    Int:  5    God:
Gold:   147        SH:  0    Dex: 12    Spells: 4/4 levels left

rFire   . . .      SeeInvis .   a - +0 long sword
rCold   . . .      Faith    .   (no shield)
rNeg    . . .      Spirit   .   b - +0 leather armour
rPois   .          Reflect  .   c - +0 hat
rElec   .          Harm     .   (no cloak)
rCorr   .          Rampage  .   m - +1 pair of gloves
Will    +....                   (no boots)
Stlth   +.........              (no amulet)
HPRegen 0.15/turn               k - ring of willpower
MPRegen 0.09/turn               (no ring)

@: on berserk cooldown, slowed, very slow
A: horns 2, retaliatory headbutt
a: no special abilities


You were on level 3 of the Dungeon.
You visited 1 branch of the dungeon, and saw 3 of its levels.

You collected 147 gold pieces.

Inventory:

Hand Weapons
 a - a +0 long sword (weapon)
 g - a +0 dagger of venom
Missiles
 d - 3 throwing nets (quivered)
Armour
 b - a +0 leather armour (worn)
 c - a +0 hat (worn)
 m - a +1 pair of gloves (worn)
Jewellery
 k - a ring of willpower (left hand)
Scrolls
 e - a scroll of immolation {unknown}
 f - a scroll of identify
Potions
 i - 3 potions of curing {unknown}
 l - a potion of berserk rage
 n - a potion of flight


   Skills:
 + Level 4.1 Fighting
 * Level 6.0 Long Blades
 - Level 2.0 Throwing
 + Level 3.1 Armour
 - Level 3.2 Dodging


You had 4 spell levels left.
You didn't know any spells.
Your spell library was empty.

Dungeon Overview and Level Annotations

Branches:
Dungeon (3/15)

Altars:
Ashenzari
Fedhas

Shops:
D:1 [

Annotations:
D:2 1 runed translucent door, Crazy Yiuf
D:3 Grinder


Innate Abilities, Weirdness & Mutations

You have a pair of horns on your head.
You reflexively headbutt those who attack you in melee.


Message History

Grinder is heavily wounded.
You are no longer berserk.
You are exhausted.
You feel yourself slow down. Grinder hits you.
You writhe in agony.
* * * LOW HITPOINT WARNING * * *
You hit Grinder.
Grinder is heavily wounded.
Grinder says, "There's only one good use for a tongue: cutting it out."
Grinder hits you.
* * * LOW HITPOINT WARNING * * *
Grinder misses you. You furiously retaliate!
You headbutt Grinder. You closely miss Grinder. You headbutt Grinder.
Grinder is severely wounded.
Grinder blinks!
Grinder gestures at you.
You suddenly lose the ability to move!
Grinder gestures at you. Pain shoots through your body!
* * * LOW HITPOINT WARNING * * *
Grinder hits you!
* * * LOW HITPOINT WARNING * * *
Grinder blinks!
You can move again.
Unknown command.
Unknown command.
Unknown command.
Grinder says, "Wait up."
Grinder hits you but does no damage.
You hit Grinder.
Grinder is severely wounded.
Grinder hits you but does no damage. Grinder hits you.
* * * LOW HITPOINT WARNING * * *
You writhe in agony.
* * * LOW HITPOINT WARNING * * *
You hit Grinder.
Grinder is severely wounded.
Grinder hits you.
* * * LOW HITPOINT WARNING * * *
You writhe in agony.
You die...

..##......#.####.......##
#.# ..##..###.#.#
##.####..## #.####
......# #.#.#
#.####...###..... .......
....# #.##.........###.
..####. #.###
#.#..#######..# ..<.. .
.#######.#.###$⌠$###.#
.....
...........##.....##.# ##
#########5..#.......#.##
........@...#.......#...
####..###...#.......#..#
.##.# #.
#...#.......#..## ..#.# #
#...#.......#..oo #.#.#
###.#.......#o{## #.#.#
.#.......#.o# ##.#.#
........oo..# .....######
##.........# ...........
#.##.######


You could see Grinder.

Vanquished Creatures
  An orc priest (D:2)
  3 orc wizards (D:2)
  Robin (D:3)
  2 adders (D:3)
  A worm (D:2)
  A dart slug (D:1)
  4 orcs
  3 endoplasms
  2 giant cockroaches
  19 goblins
  5 hobgoblins
  8 jackals (D:3)
  A quokka (D:3)
  6 ball pythons
  2 bats
  5 frilled lizards
  A kobold (D:1)
  12 rats
77 creatures vanquished.

Notes
Turn   | Place    | Note
-------+----------+-------------------------------------------
     0 | D:1      | pkoi the Minotaur Gladiator began the quest for the Orb.
     0 | D:1      | Reached XP level 1. HP: 18/18 MP: 0/0
    10 | D:1      | Found Nozid's Antique Armour Shoppe.
   197 | D:1      | Reached skill level 4 in Long Blades
   197 | D:1      | Reached XP level 2. HP: 23/25 MP: 1/1
   281 | D:1      | Reached skill level 1 in Armour
   371 | D:1      | Found a faded altar of an unknown god.
   896 | D:2      | Found a runed translucent door.
   897 | D:2      | Noticed Crazy Yiuf
   931 | D:2      | Reached XP level 3. HP: 27/30 MP: 2/2
  1771 | D:2      | Reached skill level 5 in Long Blades
  1771 | D:2      | Reached XP level 4. HP: 20/38 MP: 3/3
  2183 | D:2      | Reached XP level 5. HP: 26/46 MP: 4/4
  2322 | D:3      | Found a blossoming altar of Fedhas.
  2455 | D:3      | Found a broken altar of Ashenzari.
  2669 | D:3      | Noticed Robin
  2691 | D:3      | Killed Robin
  2756 | D:3      | Reached skill level 6 in Long Blades
  2869 | D:3      | Noticed Grinder
  2880 | D:3      | Paralysed by Grinder for 5 turns
  2889 | D:3      | Slain by Grinder

Illustrated notes

Levels and vault maps discovered:
D:1:      saegor_arrival_simple_c, layout_loops_ring, serial_shops, shop_statue,
          shapermc_ecumenical_altar_pompeii, eino_curves_01
D:2:      layout_loops_cross, uniq_crazy_yiuf_cottage
D:3:      cheibrodos_pilgrimage, layout_loops_ring, old_standard_altar,
          nicolae_ashenzari_skybound, uniq_grinder, uniq_robin

Skill      XL: |  1  2  3  4  5 |
---------------+----------------+-----
Long Blades    | 4 5 6 |  6.0
Armour         | 1 2 3 |  3.1
Fighting       | 3 4 |  4.1
Throwing       | |  2.0
Dodging        | |  3.2

Action                   |  1- 3 |  4- 6 || total
-------------------------+-------+-------++-------
Melee: Long sword        |    76 |    78 ||   154
       Headbutt          |    12 |     9 ||    21
       Punch             |     2 |     1 ||     3
  Use: Scroll            |     3 |     2 ||     5
       Potion            |       |     1 ||     1
Armor: Leather armour    |    18 |    25 ||    43
Dodge: Dodged            |    46 |    32 ||    78
